Map: King Sejong Station LE

Players

Chammy (Cham)

  • Race: Zerg Zerg
  • League: Grandmaster
  • Spawn Location: 11:00

Erik - Winner!

  • Race: Zerg Zerg
  • League: Grandmaster
  • Spawn Location: 5:00

Event: Copa América 2016 Grand Finals

VOD

Have the link to the VOD?

Description

Time

  • Played on: Oct. 13, 2016, 4:38 p.m.
  • Length: 13:30

All games in this series

Show
View Real Time Build Order
Export as new Build Order

Chammy Zerg 

Build Orders: Hatch First, Roach Nydus 

Get SALT Encoding   

  12  0:00  Drone  
  13  0:09  Drone  
  14  0:17  Overlord  
  15  0:35  Drone x3  
  17  0:54  Hatchery  
  16  0:57  Drone  
  16  1:01  Drone  
  18  1:15  Spawning Pool  
  18  1:17  Drone  
  18  1:20  Drone  
  18  1:22  Extractor  
  18  1:30  Drone  
  19  1:42  Overlord  
  19  1:51  Drone  
  20  2:01  Drone  
  20  2:02  Queen  
  20  2:05  Queen  
  20  2:06  Drone  
  26  2:12  Drone  
  27  2:17  Overlord  
  27  2:24  Drone  
  28  2:31  Zergling x2  
  28  2:36  Drone  
  30  2:38  Lair  
  30  2:39  Drone  
  30  2:43  Roach Warren  
  30  2:44  Drone  
  30  2:48  Evolution Chamber  
  30  2:52  Drone  
  31  2:59  Drone  
  31  3:00  Drone  
  33  3:06  Overlord  
  33  3:12  Drone x4  
  37  3:15  Drone x3  
  40  3:24  Extractor, Drone  
  40  3:26  Extractor  
  39  3:30  Overlord  
  39  3:32  Drone  
  40  3:36  Drone  
  41  3:42  Drone  
  41  3:44  Drone x2  
  41  3:46  Drone x2  
  41  3:47  Drone  
  47  3:49  Drone  
  47  3:51  Overseer  
  48  3:55  Overlord  
  47  4:04  Overlord  
  47  4:07  Queen  
  49  4:10  Queen  
  49  4:13  Roach  
  49  4:15  Roach  
  55  4:21  Roach, Nydus Network  
  55  4:24  Overlord  
  56  4:28  Roach x2  
  56  4:30  Roach  
  62  4:33  Overlord  
  62  4:34  Roach  
  62  4:37  Roach  
  66  4:39  Roach  
  66  4:43  Roach  
  70  4:47  Queen  
  72  4:57  Nydus Canal  
  72  4:59  Roach x2  
  76  5:01  Overlord  
  76  5:02  Queen  
  78  5:10  Roach  
  78  5:11  Nydus Canal, Roach  
  76  5:23  Queen  
  76  5:24  Roach x2  
  76  5:25  Roach  
  76  5:26  Roach  
  80  5:30  Spore Crawler  
  80  5:32  Spore Crawler  
  78  5:40  Queen  
  80  5:43  Roach x3  
  80  5:47  Spore Crawler  
  85  5:50  Overlord  
  85  5:53  Overlord  
  85  5:59  Overlord  
  82  6:09  Roach  
  82  6:14  Overlord, Roach  
  82  6:15  Roach  
  86  6:22  Roach  
  86  6:24  Roach  
  83  6:27  Roach  
  83  6:28  Queen  
  81  6:34  Roach  
  81  6:38  Roach  
  77  6:42  Queen  
  77  6:45  Roach  
  65  7:00  Roach x2  
  59  7:03  Queen  
  55  7:12  Roach x3  
  57  7:17  Zerg Missile Weapons Level 1, Queen  
  57  7:18  Drone  
  60  7:23  Overseer  
  60  7:25  Overseer  
  60  7:26  Overlord  
  60  7:31  Roach x2  
  64  7:39  Queen  
  64  7:40  Roach  
  64  7:42  Overseer  
  68  7:46  Overlord  
  68  7:47  Roach x2  
  72  7:52  Roach  
  72  7:53  Queen  
  72  7:56  Overlord  
  72  7:57  Roach  
  76  8:13  Overlord  
  76  8:15  Roach x2, Queen  
  76  8:19  Roach  
  84  8:24  Overlord  
  84  8:29  Queen  
  84  8:30  Nydus Canal  
  84  8:33  Roach  
  86  8:35  Overlord  
  86  8:37  Roach  
  88  8:42  Roach  
  88  8:44  Roach  
  92  8:49  Roach  
  92  8:55  Roach  
  92  9:06  Spore Crawler  
  87  9:10  Queen x2  
  87  9:14  Spore Crawler  
  86  9:18  Roach  
  78  9:25  Roach  
  60  9:42  Roach x2  
  48  9:46  Queen x2  
  52  9:58  Overlord  
  52  9:59  Roach  
  52  10:03  Roach  
  52  10:06  Roach  
  56  10:11  Overseer x2  
  55  10:21  Queen  
  55  10:22  Roach x3  
  63  10:29  Queen  
  63  10:32  Roach  
  63  10:49  Roach Warren  
  56  10:57  Queen  
  56  11:04  Zerg Missile Weapons Level 2  
  58  11:05  Queen  
  54  11:21  Drone x2  
  54  11:22  Nydus Network  
  43  11:34  Roach x6  
  43  11:37  Roach  
  57  11:41  Roach  
  57  11:44  Roach  
  61  11:49  Roach  
  63  11:56  Roach  
  63  11:57  Roach  
  67  12:01  Queen  
  69  12:09  Queen  
  71  12:15  Nydus Canal  
  71  12:20  Roach x2  
  71  12:21  Roach  
  57  12:32  Nydus Network  
  55  12:38  Roach  
  55  12:56  Roach x2  
Show
View Real Time Build Order
Export as new Build Order

Erik Zerg - Winner!

Build Orders: Hatch First 

Get SALT Encoding   

  12  0:01  Drone  
  13  0:13  Overlord  
  13  0:17  Drone  
  14  0:31  Drone  
  14  0:32  Drone  
  14  0:35  Drone  
  17  0:53  Hatchery  
  17  0:56  Drone  
  17  1:08  Spawning Pool  
  17  1:10  Extractor  
  15  1:12  Drone  
  15  1:16  Drone  
  17  1:19  Drone  
  18  1:29  Overlord  
  18  1:54  Queen  
  18  1:55  Zergling x4  
  22  2:01  Drone  
  22  2:05  Drone, Queen  
  26  2:12  Drone  
  27  2:16  Drone  
  29  2:22  Drone  
  29  2:27  Drone  
  30  2:32  Lair  
  30  2:33  Drone  
  30  2:35  Extractor  
  30  2:38  Drone  
  31  2:44  Drone  
  31  2:48  Drone  
  33  2:57  Overlord  
  33  2:59  Drone  
  33  3:02  Drone x2  
  36  3:10  Overlord  
  36  3:15  Drone x4  
  36  3:16  Drone  
  36  3:18  Drone  
  42  3:22  Extractor  
  42  3:23  Extractor  
  40  3:31  Drone x2  
  40  3:32  Spire  
  41  3:39  Drone x4  
  45  3:43  Metabolic Boost  
  45  3:48  Drone  
  45  3:49  Drone x2  
  45  3:53  Overlord  
  48  4:01  Overlord  
  48  4:07  Zergling x8  
  52  4:14  Zergling x4  
  54  4:30  Drone x3  
  54  4:31  Baneling Nest  
  56  4:32  Overlord  
  56  4:43  Mutalisk x2  
  56  4:44  Mutalisk x3  
  66  4:49  Mutalisk  
  68  5:00  Zergling x2  
  68  5:01  Zergling x4  
  71  5:09  Mutalisk  
  73  5:15  Mutalisk  
  73  5:20  Zergling x6  
  76  5:23  Overlord x2  
  76  5:37  Overlord  
  76  5:40  Spine Crawler  
  76  5:41  Spine Crawler  
  74  5:43  Spine Crawler x2, Baneling x2  
  74  5:44  Baneling x2  
  74  5:48  Mutalisk x4  
  80  5:54  Zergling x4  
  82  5:59  Spine Crawler  
  82  6:01  Mutalisk, Spine Crawler  
  82  6:03  Spine Crawler  
  80  6:10  Mutalisk  
  69  6:23  Zergling x10  
  72  6:31  Mutalisk x2  
  67  6:37  Drone  
  67  6:38  Drone x3  
  59  6:40  Drone  
  56  6:48  Mutalisk  
  49  7:00  Mutalisk x2  
  50  7:07  Zergling x4  
  52  7:12  Drone x3  
  54  7:18  Drone x2  
  56  7:31  Zergling x4  
  56  7:34  Drone x3  
  61  7:43  Mutalisk  
  63  7:53  Drone x3  
  65  8:15  Mutalisk x3  
  71  8:20  Zergling x2  
  71  8:21  Zergling x6  
  75  8:32  Drone x5  
  80  8:35  Zerg Flyer Weapons Level 1  
  80  8:39  Overseer  
  80  8:49  Mutalisk x2  
  80  8:54  Zergling x4  
  75  9:11  Mutalisk x2  
  62  9:19  Mutalisk  
  62  9:22  Zergling x4  
  57  9:33  Zergling x4  
  57  9:34  Zergling x6  
  55  9:53  Mutalisk  
  55  9:58  Drone  
  58  10:10  Drone  
  58  10:11  Drone  
  50  10:45  Drone x6  
  54  11:01  Mutalisk  
  54  11:05  Zergling x2  
  55  11:14  Mutalisk  
  57  11:24  Zergling x4  
  57  11:25  Zergling x2  
  60  11:28  Drone  
  60  11:29  Drone  
  62  11:42  Mutalisk  
  62  11:47  Drone  
  65  11:53  Zergling x4  
  62  12:22  Mutalisk  
  62  12:23  Mutalisk  
  62  12:25  Zergling x8  
  70  12:37  Drone x2  
  70  12:41  Extractor  
  67  13:05  Mutalisk x3  
Tags
 
Add a new tag
Caveats
  • Supply blocks, unpowered buildings, or Contaminate may cause inaccurate times.
  • Supply counts are checked every 10 seconds.